TOP OF THE 1ST |
Jersey Shore D-Bags batting - Pitching for Hendersonville Hitmen : RHP Rodrigo Aguilar
|
Pitching: RHP Rodrigo Aguilar
|
|
Batting: LHB Albert Morgan
|
0-0: SINGLE (Line Drive, 4MD)
|
Batting: RHB Ricardo González
|
0-0: Called Strike 0-1: Swinging Strike 0-2: Ball 1-2: Ball 2-2: Ball 3-2: Fielders Choice at 2nd, 4-6 (Groundball, 4)
|
Batting: LHB Mike Bryant
|
0-0: Ball 1-0: Swinging Strike 1-1: Ball 2-1: SINGLE (Groundball, 3D) Ricardo González to second Runner from 2nd tries for 3rd, SAFE, no throw or cutoff
|
Batting: LHB Dave Dodd
|
0-0: Ball 1-0: Ball 2-0: Swinging Strike 2-1: Fly out, F8 (Flyball, 8RD) Runner from 3rd tags up, SCORES, no throw
|
Batting: SHB Tadahisa Kisuki
|
0-0: Called Strike 0-1: Fly out, F8 (Popup, 4MD)
|
Top of the 1st over - 1 run(s), 2 hit(s), 0 error(s), 1 left on base; Jersey Shore 1 - Hendersonville 0 |
BOTTOM OF THE 1ST |
Hendersonville Hitmen batting - Pitching for Jersey Shore D-Bags : RHP José Ramos
|
Pitching: RHP José Ramos
|
|
Batting: RHB Carlos García
|
0-0: Ball 1-0: Reached on error, E4 (Groundball, 4)
|
Batting: SHB David Johnstone
|
0-0: SINGLE (Groundball, 3L) Carlos García to second Throwing error, E9 Carlos García scores David Johnstone to second
|
Batting: LHB Terry White
|
0-0: Ball 1-0: Foul Ball, location: 2F 1-1: Ball 2-1: Ball 3-1: Fly out, F8 (Flyball, 8LD) Runner from 2nd tags up, SAFE at 3rd, no throw
|
Batting: RHB Manolo Román
|
0-0: Swinging Strike 0-1: Ball 1-1: Swinging Strike 1-2: Strikes out swinging
|
Batting: LHB Jerry Johnston
|
0-0: Ball 1-0: Ball 2-0: SINGLE (Groundball, 34S) David Johnstone scores
|
Batting: SHB Tony López
|
0-0: Called Strike Pickoff Throw to First - Out!
|
Bottom of the 1st over - 2 run(s), 2 hit(s), 2 error(s), 0 left on base; Jersey Shore 1 - Hendersonville 2 |
TOP OF THE 2ND |
Jersey Shore D-Bags batting - Pitching for Hendersonville Hitmen : RHP Rodrigo Aguilar
|
Batting: LHB Armando Macías
|
0-0: Called Strike 0-1: Ball 1-1: Ball 2-1: Foul Ball, location: 2F 2-2: Foul Ball, location: 2F 2-2: Ground out 1-3 (Groundball, 23)
|
Batting: RHB Orlando Bruno
|
0-0: Called Strike 0-1: Swinging Strike 0-2: Ball 1-2: Strikes out swinging
|
Batting: RHB Gerardo Escobedo
|
0-0: Called Strike 0-1: Ball 1-1: Swinging Strike 1-2: Ball 2-2: Ball 3-2: Foul Ball, location: 2F 3-2: SINGLE (Flyball, 8LS)
|
Batting: RHB Cy Keynes
|
0-0: Ball 1-0: Called Strike 1-1: Foul Ball, location: 2F 1-2: Ball 2-2: DOUBLE (Line Drive, 8LD) Gerardo Escobedo to third Runner from 3rd tries for Home, throw and OUT!
|
Top of the 2nd over - 0 run(s), 2 hit(s), 0 error(s), 1 left on base; Jersey Shore 1 - Hendersonville 2 |
BOTTOM OF THE 2ND |
Hendersonville Hitmen batting - Pitching for Jersey Shore D-Bags : RHP José Ramos
|
Batting: SHB Tony López
|
0-0: Called Strike 0-1: Ball 1-1: Called Strike 1-2: SOLO HOME RUN (Flyball, 9LD), Distance : 358 ft
|
Batting: LHB José Flores
|
0-0: SINGLE (Flyball, 8RS)
|
Batting: RHB Junior Vargas
|
0-0: Ball 1-0: Ball 2-0: Foul Ball, location: 2F 2-1: Called Strike 2-2: Foul Ball, location: 2F 2-2: Ground out 5-3 (Groundball, 5S) José Flores to second
|
Batting: RHB Taylor McFarland
|
0-0: Called Strike 0-1: SINGLE (Groundball, 4MD) José Flores to third Runner from 3rd tries for Home, SAFE, throw made home Taylor McFarland to second
|
Batting: RHB Carlos García
|
0-0: Ball 1-0: Ball 2-0: Foul Ball, location: 2F 2-1: Swinging Strike 2-2: Ball 3-2: Fly out, F2 (Popup, 2RF)
|
Batting: SHB David Johnstone
|
0-0: Ball 1-0: SINGLE (Line Drive, 34D) Taylor McFarland to third Runner from 3rd tries for Home, SAFE, no throw or cutoff
|
Batting: LHB Terry White
|
0-0: Ground out 4-3 (Groundball, 34)
|
Bottom of the 2nd over - 3 run(s), 4 hit(s), 0 error(s), 1 left on base; Jersey Shore 1 - Hendersonville 5 |
TOP OF THE 3RD |
Jersey Shore D-Bags batting - Pitching for Hendersonville Hitmen : RHP Rodrigo Aguilar
|
Batting: LHB Albert Morgan
|
0-0: Fly out, F9 (Flyball, 89M)
|
Batting: RHB Ricardo González
|
0-0: Ball 1-0: Ball 2-0: Ground out 4-3 (Groundball, 4M)
|
Batting: LHB Mike Bryant
|
0-0: Foul Ball, location: 2F 0-1: Ground out 5-3 (Groundball, 56)
|
Top of the 3rd over - 0 run(s), 0 hit(s), 0 error(s), 0 left on base; Jersey Shore 1 - Hendersonville 5 |
BOTTOM OF THE 3RD |
Hendersonville Hitmen batting - Pitching for Jersey Shore D-Bags : RHP José Ramos
|
Batting: RHB Manolo Román
|
0-0: Ground out 5-3 (Groundball, 56)
|
Batting: LHB Jerry Johnston
|
0-0: Ball 1-0: Called Strike 1-1: Fly out, F9 (Flyball, 9D)
|
Batting: SHB Tony López
|
0-0: Ball 1-0: Ball 2-0: Ground out 4-3 (Groundball, 4)
|
Bottom of the 3rd over - 0 run(s), 0 hit(s), 0 error(s), 0 left on base; Jersey Shore 1 - Hendersonville 5 |
TOP OF THE 4TH |
Jersey Shore D-Bags batting - Pitching for Hendersonville Hitmen : RHP Rodrigo Aguilar
|
Batting: LHB Dave Dodd
|
0-0: Called Strike 0-1: Swinging Strike 0-2: Foul Ball, location: 2F 0-2: SINGLE (Line Drive, 9LS)
|
Batting: SHB Tadahisa Kisuki
|
0-0: Ball 1-0: SINGLE (Line Drive, 78S) Dave Dodd to second
|
Batting: LHB Armando Macías
|
0-0: Called Strike 0-1: Grounds into double play, 6-4-3 (Groundball, 6) Dave Dodd to third
|
Batting: RHB Orlando Bruno
|
0-0: Ground out 5-3 (Groundball, 56S)
|
Top of the 4th over - 0 run(s), 2 hit(s), 0 error(s), 1 left on base; Jersey Shore 1 - Hendersonville 5 |
BOTTOM OF THE 4TH |
Hendersonville Hitmen batting - Pitching for Jersey Shore D-Bags : RHP José Ramos
|
Batting: LHB José Flores
|
0-0: Called Strike 0-1: Ball 1-1: Swinging Strike 1-2: Ground out 4-3 (Groundball, 4)
|
Batting: RHB Junior Vargas
|
0-0: Ball 1-0: Ball 2-0: Called Strike 2-1: Ball 3-1: Called Strike 3-2: Base on Balls
|
Batting: RHB Taylor McFarland
|
0-0: Ball 1-0: Swinging Strike 1-1: Ball 2-1: Ball 3-1: Called Strike 3-2: SINGLE (Line Drive, 4MD) Junior Vargas to second
|
Batting: RHB Carlos García
|
0-0: Called Strike 0-1: Ball 1-1: Foul Ball, location: 2F 1-2: Foul Ball, location: 2F 1-2: Ball 2-2: Ball 3-2: Grounds into double play, 4-6-3 (Groundball, 34)
|
Bottom of the 4th over - 0 run(s), 1 hit(s), 0 error(s), 1 left on base; Jersey Shore 1 - Hendersonville 5 |
TOP OF THE 5TH |
Jersey Shore D-Bags batting - Pitching for Hendersonville Hitmen : RHP Rodrigo Aguilar
|
Batting: RHB Gerardo Escobedo
|
0-0: Called Strike 0-1: Foul Ball, location: 2F 0-2: Strikes out swinging
|
Batting: RHB Cy Keynes
|
0-0: Ball 1-0: Called Strike 1-1: DOUBLE (Line Drive, 9LS)
|
Batting: LHB Albert Morgan
|
0-0: Swinging Strike 0-1: Ground out 5-3 (Groundball, 56)
|
Batting: RHB Ricardo González
|
0-0: Ball 1-0: Fly out, F4 (Popup, 4MD)
|
Top of the 5th over - 0 run(s), 1 hit(s), 0 error(s), 1 left on base; Jersey Shore 1 - Hendersonville 5 |
BOTTOM OF THE 5TH |
Hendersonville Hitmen batting - Pitching for Jersey Shore D-Bags : RHP José Ramos
|
Batting: SHB David Johnstone
|
0-0: Ball 1-0: Foul Ball, location: 2F 1-1: Called Strike 1-2: Strikes out looking
|
Batting: LHB Terry White
|
0-0: Ball 1-0: Ground out 4-3 (Groundball, 4)
|
Batting: RHB Manolo Román
|
0-0: Called Strike 0-1: Foul Ball, location: 2F 0-2: Ground out 6-3 (Groundball, 6)
|
Bottom of the 5th over - 0 run(s), 0 hit(s), 0 error(s), 0 left on base; Jersey Shore 1 - Hendersonville 5 |
TOP OF THE 6TH |
Jersey Shore D-Bags batting - Pitching for Hendersonville Hitmen : RHP Rodrigo Aguilar
|
Batting: LHB Mike Bryant
|
0-0: Foul Ball, location: 2F 0-1: Ball 1-1: Called Strike 1-2: Hit by Pitch
|
Batting: LHB Dave Dodd
|
0-0: DOUBLE (Groundball, 3L) Mike Bryant to third
|
Batting: SHB Tadahisa Kisuki
|
0-0: Called Strike 0-1: Ball 1-1: Ball 2-1: Foul Ball, location: 2F 2-2: Ground out 4-3 (Groundball, 34) Mike Bryant scores Dave Dodd to third
|
Batting: LHB Armando Macías
|
0-0: Swinging Strike 0-1: Swinging Strike 0-2: Foul Ball, location: 2F 0-2: Foul Ball, location: 2F 0-2: Fly out, F7 (Line Drive, 78D) Runner from 3rd tags up, SCORES, no throw
|
Batting: RHB Orlando Bruno
|
0-0: Ball 1-0: Ground out 6-3 (Groundball, 6)
|
Top of the 6th over - 2 run(s), 1 hit(s), 0 error(s), 0 left on base; Jersey Shore 3 - Hendersonville 5 |
BOTTOM OF THE 6TH |
Hendersonville Hitmen batting - Pitching for Jersey Shore D-Bags : RHP José Ramos
|
Batting: LHB Jerry Johnston
|
0-0: Called Strike 0-1: Ball 1-1: Swinging Strike 1-2: Ball 2-2: Ball 3-2: Strikes out swinging
|
Batting: SHB Tony López
|
0-0: Ball 1-0: Swinging Strike 1-1: Ball 2-1: Ball 3-1: SINGLE (Groundball, 3L)
|
Batting: LHB José Flores
|
0-0: Ball 1-0: Fly out, F7 (Flyball, 7LS)
|
Batting: RHB Junior Vargas
|
0-0: Ball 1-0: Ball 2-0: Foul Ball, location: 2F 2-1: Fly out, F8 (Flyball, 8LD)
|
Bottom of the 6th over - 0 run(s), 1 hit(s), 0 error(s), 1 left on base; Jersey Shore 3 - Hendersonville 5 |
TOP OF THE 7TH |
Jersey Shore D-Bags batting - Pitching for Hendersonville Hitmen : RHP Rodrigo Aguilar
|
Pitching: RHP Héctor Reyes
|
|
Batting: RHB Gerardo Escobedo
|
0-0: Ball 1-0: Swinging Strike 1-1: Ground out 5-3 (Groundball, 56)
|
Batting: RHB Cy Keynes
|
0-0: Ground out 5-3 (Groundball, 56S)
|
Batting: LHB Albert Morgan
|
0-0: Ball 1-0: Foul Ball, location: 2F 1-1: Ball 2-1: Foul Ball, location: 2F 2-2: Foul Ball, location: 2F 2-2: Foul Ball, location: 2F 2-2: Strikes out swinging
|
Top of the 7th over - 0 run(s), 0 hit(s), 0 error(s), 0 left on base; Jersey Shore 3 - Hendersonville 5 |
BOTTOM OF THE 7TH |
Hendersonville Hitmen batting - Pitching for Jersey Shore D-Bags : RHP José Ramos
|
Batting: RHB Taylor McFarland
|
0-0: Ball 1-0: Ball 2-0: Called Strike 2-1: Ball 3-1: Ground out 5-3 (Groundball, 5)
|
Batting: RHB Carlos García
|
0-0: Ball 1-0: Ball 2-0: Foul Ball, location: 2F 2-1: Foul Ball, location: 2F 2-2: Foul Ball, location: 2F 2-2: Foul Ball, location: 2F 2-2: Foul Ball, location: 2F 2-2: Ball 3-2: Foul Ball, location: 2F 3-2: SOLO HOME RUN (Line Drive, 7D), Distance : 411 ft
|
Pitching: RHP Ángel Lara
|
|
Batting: SHB David Johnstone
|
0-0: Ground out 4-3 (Groundball, 4)
|
Batting: LHB Terry White
|
0-0: Foul Ball, location: 2F 0-1: Ball 1-1: SOLO HOME RUN (Flyball, 78XD), Distance : 421 ft
|
Batting: RHB Manolo Román
|
0-0: Ball 1-0: Swinging Strike 1-1: Swinging Strike 1-2: Ball 2-2: Strikes out swinging
|
Bottom of the 7th over - 2 run(s), 2 hit(s), 0 error(s), 0 left on base; Jersey Shore 3 - Hendersonville 7 |
TOP OF THE 8TH |
Jersey Shore D-Bags batting - Pitching for Hendersonville Hitmen : RHP Héctor Reyes
|
Batting: RHB Ricardo González
|
0-0: Ball 1-0: Called Strike 1-1: Called Strike 1-2: Ball 2-2: Ball 3-2: Reached on error, E5 (Groundball, 5L)
|
Batting: LHB Mike Bryant
|
0-0: Swinging Strike 0-1: Called Strike 0-2: Ball 1-2: Ball 2-2: Ball 3-2: Strikes out swinging
|
Batting: LHB Dave Dodd
|
0-0: Ball 1-0: Foul Ball, location: 2F 1-1: Foul Ball, location: 2F 1-2: Foul Ball, location: 2F 1-2: Ground out 4-3 (Groundball, 4) Ricardo González to third
|
Batting: SHB Tadahisa Kisuki
|
0-0: Ball 1-0: Ball 2-0: Ball 3-0: Called Strike 3-1: Swinging Strike 3-2: Strikes out swinging
|
Top of the 8th over - 0 run(s), 0 hit(s), 1 error(s), 1 left on base; Jersey Shore 3 - Hendersonville 7 |
BOTTOM OF THE 8TH |
Hendersonville Hitmen batting - Pitching for Jersey Shore D-Bags : RHP Ángel Lara
|
Batting: LHB Jerry Johnston
|
0-0: Called Strike 0-1: Ball 1-1: Foul Ball, location: 2F 1-2: Ball 2-2: Strikes out swinging
|
Batting: SHB Tony López
|
0-0: Foul Ball, location: 2F 0-1: Ground out 3-1 (Groundball, 3)
|
Batting: LHB José Flores
|
0-0: Foul Ball, location: 2F 0-1: Foul Ball, location: 2F 0-2: Ball 1-2: Ball 2-2: Ground out 2-3 (Groundball, 25)
|
Bottom of the 8th over - 0 run(s), 0 hit(s), 0 error(s), 0 left on base; Jersey Shore 3 - Hendersonville 7 |
TOP OF THE 9TH |
Jersey Shore D-Bags batting - Pitching for Hendersonville Hitmen : RHP Héctor Reyes
|
Batting: LHB Armando Macías
|
0-0: Ball 1-0: Ball 2-0: Ball 3-0: Base on Balls
|
Batting: RHB Orlando Bruno
|
0-0: Ball 1-0: Ball 2-0: Swinging Strike 2-1: Foul Ball, location: 2F 2-2: Foul Ball, location: 2F 2-2: Foul Ball, location: 2F 2-2: Grounds into double play, 6-4-3 (Groundball, 6)
|
Pitching: RHP Carlos Hernández
|
|
Batting: RHB Gerardo Escobedo
|
0-0: Ball 1-0: Ground out 6-3 (Groundball, 56)
|
Top of the 9th over - 0 run(s), 0 hit(s), 0 error(s), 0 left on base; Jersey Shore 3 - Hendersonville 7 |
|